 Dungeon Crawl Stone Soup version 0.28.0-62-gf88900778d (webtiles) character file.

Game seed: 12085572943048981845

146 cbfl8 the Chopper (level 5, -3/47 HPs)
             Began as a Minotaur Berserker on June 28, 2023.
             Was a Follower of Trog.
             Splashed by a jelly's acid (4 damage)
             ... on level 4 of the Dungeon.
             The game lasted 00:01:10 (1191 turns).

cbfl8 the Chopper (Minotaur Berserker)              Turns: 1191, Time: 00:01:10

Health: -3/47      AC: -5    Str: 22    XL:     5   Next: 7%
Magic:  4/4        EV: 10    Int:  4    God:    Trog [*.....]
Gold:   73         SH:  0    Dex: 11    Spells: 4/4 levels left

rFire   . . .      SeeInvis .   a - +0 hand axe
rCold   . . .      Faith    .   (no shield)
rNeg    . . .      Spirit   .   d - +0 scale mail
rPois   .          Reflect  .   (helmet restricted)
rElec   .          Harm     .   (no cloak)
rCorr   .          Rampage  .   (no gloves)
Will    ++...                   (no boots)
Stlth   ..........              (no amulet)
HPRegen 1.15/turn               (no ring)
MPRegen 0.09/turn               (no ring)

@: strong-willed, corroded, on berserk cooldown, flying, regenerating, slowed,
very slow
A: horns 2, retaliatory headbutt
a: Renounce Religion, Berserk


You were on level 4 of the Dungeon.
You worshipped Trog.
Trog was aware of your devotion.
You visited 1 branch of the dungeon, and saw 3 of its levels.

You collected 73 gold pieces.

Inventory:

Hand Weapons
 a - a +0 hand axe (weapon)
Armour
 d - a +0 scale mail (worn)
Potions
 b - a potion of berserk rage


   Skills:
 + Level 4.4 Fighting
 + Level 4.9 Axes
 + Level 3.1 Armour
 + Level 2.7 Dodging
 + Level 0.2 Stealth
 * Level 2.0 Evocations


You had 4 spell levels left.
You didn't know any spells.
Your spell library was empty.

Dungeon Overview and Level Annotations

Branches:
Dungeon (2/15)

Altars:

Annotations:
D:4 Dowan, Duvessa


Innate Abilities, Weirdness & Mutations

You have a pair of horns on your head.
You reflexively headbutt those who attack you in melee.


Message History

The goblin hits you but does no damage.
The ball python bites you but does no damage.
The ball python constricts you. The jelly hits you. The acid corrodes you!
You are splashed with acid!
Something hits you but does no damage. The goblin hits you with a +0 dagger.
Duvessa says, "I don't care about looks, I care about technique!"
The ball python bites you but does no damage.
The ball python constricts you.
Okay, then.
Okay, then.
You escape the ball python's grasp.
You feel sick. The jelly barely misses you. The jelly closely misses you.
Something completely misses you.
You see here a +0 whip.
You feel sick.
The goblin throws a poisoned dart.
The poisoned dart barely misses you. Dowan casts a spell at you.
You resist with some effort. The ball python closely misses you.
You furiously retaliate!
You headbutt the ball python!
You kill the ball python!
Trog accepts your kill.
You can now call upon Trog for regeneration and willpower.
You feel sick. The jelly hits you. The acid corrodes you!
You are splashed with acid.
Your skin crawls.
You feel strong-willed.
You can no longer call upon Trog for regeneration and willpower.
You feel sick.
You are no longer poisoned.
Something hits you. The jelly hits you. The acid corrodes you!
You are splashed with acid!
* * * LOW HITPOINT WARNING * * *
The goblin hits you with a +0 dagger.
* * * LOW HITPOINT WARNING * * *
Something hits you.
* * * LOW HITPOINT WARNING * * *
Dowan casts a spell at Duvessa.
The jelly hits you.
* * * LOW HITPOINT WARNING * * *
You are splashed with acid.
You die...

....$ ###... ...
#$....###### .. .
#..........# .. ..
#..........# #.#.
#..........##...
#......)...#..#
#......).eg#.#
.....[.)).J@.#
.......)..e........
..........#######.#
........###
.....##.# ..... ..#
..#. .#.# #.#.###..


You could see Duvessa, Dowan, a jelly and a goblin.

Vanquished Creatures
  An ogre (D:4)
  A howler monkey zombie (D:4)
  A gnoll (D:1)
  An adder (D:2)
  3 orcs (D:4)
  2 endoplasms (D:1)
  2 goblins
  3 hobgoblins (D:1)
  4 jackals (D:4)
  3 kobolds
  A quokka (D:2)
  A ball python (D:4)
  2 frilled lizards (D:1)
  3 rats (D:1)
28 creatures vanquished.

Notes
Turn   | Place    | Note
-------+----------+-------------------------------------------
     0 | D:1      | cbfl8 the Minotaur Berserker began the quest for the Orb.
     0 | D:1      | Reached XP level 1. HP: 19/19 MP: 0/0
   218 | D:1      | Reached XP level 2. HP: 15/27 MP: 1/1
   692 | D:1      | Reached skill level 1 in Evocations
  1082 | D:2      | Reached XP level 3. HP: 30/33 MP: 2/2
  1165 | D:2      | You fall into a shaft and drop 2 floors!
  1167 | D:4      | Noticed an ogre
  1178 | D:4      | Killed an ogre
  1179 | D:4      | Reached XP level 4. HP: 39/41 MP: 3/3
  1181 | D:4      | Reached XP level 5. HP: 34/47 MP: 4/4
  1183 | D:4      | Noticed Duvessa
  1183 | D:4      | Noticed Dowan
  1188 | D:4      | Reached ** piety under Trog
  1190 | D:4      | HP: 2/47 [something (4)]
  1191 | D:4      | Splashed by a jelly's acid

Illustrated notes

Levels and vault maps discovered:
D:1:      zaba_arrival_water, layout_basic,
          nicolae_concentric_dashed_squares_mild, dk_noncrumbling_3
D:2:      layout_loops_cross, minivault_11, corexii_item_surrounded_by_moat
D:4:      layout_rooms, minmay_temple_entry_trees, minmay_misc_feat_rows,
          uniq_duvessa, uniq_eustachio

Skill      XL: |  1  2  3 |
---------------+----------+-----
Axes           | 4 |  4.9
Fighting       | 4 |  4.4
Evocations     | 1 2 |  2.0
Armour         | 3 |  3.1
Dodging        | |  2.7
Stealth        | |  0.2

Action                   |  1- 3 |  4- 6 || total
-------------------------+-------+-------++-------
Melee: Hand axe          |    44 |     5 ||    49
       Headbutt          |     5 |       ||     5
       Punch             |     1 |       ||     1
Invok: Berserk           |     1 |       ||     1
       Trog's Hand       |       |     1 ||     1
  Use: Potion            |     1 |     2 ||     3
       Scroll            |     1 |       ||     1
Armor: Animal skin       |     3 |       ||     3
       Leather armour    |     3 |       ||     3
       Scale mail        |     7 |     7 ||    14
Dodge: Dodged            |    26 |     9 ||    35
